 Dungeon Crawl Stone Soup version 0.27-a0-328-g7f782ed93a (webtiles) character file.

Game seed: 12994757753832702376

471 tsouns the Chopper (level 7, 0/53 (55) HPs)
             Began as a Human Chaos Knight on Feb 11, 2021.
             Was a Plaything of Xom.
             Slain by a hell rat (12 damage)
             ... on level 5 of the Dungeon.
             The game lasted 00:07:57 (3557 turns).

tsouns the Chopper (Human Chaos Knight)             Turns: 3557, Time: 00:07:58

HP:   0/53 (55)     AC: 11    Str: 15    XL:     7   Next: 31%
MP:   7/7           EV: 14    Int: 12    God:    Xom [.*....]
Gold: 279           SH:  0    Dex: 18    Spells: 6/6 levels left

rFire    . . .     SeeInvis .   l - +0 war axe
rCold    . . .     Faith    .   (no shield)
rNeg     . . .     Spirit   .   b - +2 leather armour
rPois    .         Reflect  .   i - +0 helmet
rElec    .         Harm     .   (no cloak)
rCorr    .         Rampage  .   y - +0 pair of gloves
Will     .....                  (no boots)
Stlth    +.........             (no amulet)
HPRegen  0.17/turn              d - +4 ring of protection
MPRegen  0.10/turn              v - +6 ring of dexterity

@: very slightly contaminated, lightly drained, invisible
A: no striking features
a: Renounce Religion


You were on level 5 of the Dungeon.
You worshipped Xom.
You were a plaything of Xom.
You visited 1 branch of the dungeon, and saw 5 of its levels.

You collected 279 gold pieces.

Inventory:

Hand Weapons
 a - a +1 hand axe of chaos
 l - a +0 war axe (weapon)
Missiles
 h - 4 javelins (quivered)
 p - 8 poisoned darts
Armour
 b - a +2 leather armour (worn)
 c - a +0 chain mail
 g - a +1 leather armour of fire resistance
 i - a +0 helmet (worn)
 y - a +0 pair of gloves (worn)
Jewellery
 d - a +4 ring of protection (left hand)
 v - a +6 ring of dexterity (right hand)
Wands
 e - a wand of flame (24)
 s - a wand of acid (3)
 A - a wand of paralysis (9)
Scrolls
 f - a scroll of amnesia
 j - 2 scrolls of fear
 m - 2 scrolls of teleportation
 r - 2 scrolls of enchant weapon
 x - a scroll of identify
Potions
 k - 2 potions of lignification
 n - a potion of degeneration
 o - 2 potions of curing
 q - a potion of might
 t - a potion of ambrosia
 w - a potion of resistance {unknown}
 z - a potion of mutation {unknown}


   Skills:
 + Level 4.6 Fighting
 + Level 4.6 Axes
 + Level 4.0 Armour
 + Level 3.6 Dodging


You had 6 spell levels left.
You didn't know any spells.
Your spell library contained the following spells:

 Spells                   Type           Power        Failure   Level
 Animate Skeleton         Necr           0%           38%         1
 Apportation              Tloc           0%           38%         1
 Corona                   Hex            0%           38%         1
 Summon Small Mammal      Summ           0%           38%         1
 Confusing Touch          Hex            0%           77%         3
 Gell's Gravitas          Tloc           0%           77%         3
 Petrify                  Tmut/Erth      0%           99%         4
 Metabolic Englaciation   Hex/Ice        0%           100%        5
 Yara's Violent Unravell  Hex/Tmut       0%           100%        5


Dungeon Overview and Level Annotations

Branches:
Dungeon (5/15)
 Temple: D:4-7

Altars:
Dithmenos
Nemelex Xobeh
Vehumet

Shops:
D:4 =


Message History

The hell rat looks more healthy.
The hell rat misses you.
You are very lightly contaminated with residual magic.
You catch the helpless hell rat completely off-guard!
You hit the hell rat.
The hell rat is severely wounded.
The hell rat misses you.
A rat comes into view.
You barely miss the hell rat.
The hell rat is severely wounded.
The hell rat closely misses you. The hell rat bites you!
* * * LOW HITPOINT WARNING * * *
Unknown command.
You feel better.
Xom opens a gate.
The hell rat completely misses you.
You swap places.
The hell rat barely misses your shadow imp.
Your shadow imp barely misses the hell rat.
The hell rat closely misses your shadow imp.
Your shadow imp barely misses the hell rat.
You kill the hell rat!
Your shadow imp hits the hell rat but does no damage.
The hell rat bites your shadow imp!
Your life force feels restored.
The hell rat bites your shadow imp.
Your shadow imp dies!
The hell rat twitches its whiskers.
You see here a rat corpse.
You hit the hell rat but do no damage. The hell rat bites you.
* * * LOW HITPOINT WARNING * * *
You feel drained.
You barely miss the hell rat. The hell rat bites you.
* * * LOW HITPOINT WARNING * * *
The hell rat barely misses you.
You completely miss the hell rat. The hell rat completely misses you.
You hit the hell rat.
The hell rat is moderately wounded.
The hell rat completely misses you. The hell rat bites you!
You die... "It's all fun and games until someone loses an eye."

.>...#.###.#.###....#.#
... #. ##r##.###+#.#.#
. ..##.####r##.#...#
####r## #.##.#.... #.##
##r#..#..# ##.#
##.##..### #.##
#.r#...... ##r#
#r.#...... #@##
#.r#.....# #.#
.#.##....# #.##
†#†.#...#.. ##.# ..
.###..[.. #.## .# .
##....#
##.#####.###......
#.###.###..###.#.
#.##†#.#...# #...
##.#.##.#### ####


You could see a hell rat.

Vanquished Creatures
  An ogre (D:5)
  2 hounds (D:3)
  2 orc priests (D:4)
  A hell rat (D:5)
  Ijyb (D:5)
  A worker ant (D:4)
  Robin (D:4)
  5 adders
  A white imp (D:5)
  An ufetubus (D:5)
  An adder skeleton (D:5)
  2 worms (D:3)
  3 dart slugs
  5 leopard geckos
  4 orcs
  4 giant cockroaches
  8 hobgoblins
  7 jackals
  A ball python (D:3)
  A ball python skeleton (D:4)
  3 bats
  7 frilled lizards
  17 goblins
  7 kobolds
  A leopard gecko skeleton (D:4)
  20 rats
107 creatures vanquished.

Vanquished Creatures (collateral kills)
  A hound skeleton (D:4)
1 creature vanquished.

Grand Total: 108 creatures vanquished

Notes
Turn   | Place    | Note
-------+----------+-------------------------------------------
     0 | D:1      | tsouns the Human Chaos Knight began the quest for the Orb.
     0 | D:1      | Reached XP level 1. HP: 18/18 MP: 1/1
   174 | D:1      | Reached XP level 2. HP: 24/24 MP: 2/2
   585 | D:1      | XOM: divination: magic mapping
   835 | D:2      | Reached XP level 3. HP: 27/29 MP: 3/3
   855 | D:2      | XOM: 8-stop teleportation journey
   961 | D:2      | Found a shadowy altar of Dithmenos.
   993 | D:2      | Found a radiant altar of Vehumet.
  1086 | D:2      | XOM: cast spell 'Chain of Chaos'
  1104 | D:2      | Reached XP level 4. HP: 23/35 MP: 4/4
  1572 | D:3      | Found a faded altar of an unknown god.
  1611 | D:3      | XOM: 3-stop teleportation journey
  1835 | D:3      | Found a sparkling altar of Nemelex Xobeh.
  1960 | D:3      | XOM: noise
  2005 | D:3      | XOM: divination: detect creatures
  2012 | D:3      | Reached XP level 5. HP: 37/42 MP: 5/5
  2419 | D:4      | XOM: 1-stop teleportation journey
  2480 | D:3      | XOM: cloud trail
  2482 | D:4      | Found Doceb's Jewellery Boutique.
  2493 | D:4      | XOM: cast spell 'Summon Mana Viper'
  2496 | D:4      | Reached XP level 6. HP: 48/48 MP: 6/6
  2509 | D:4      | XOM: confuse monster(s)
  2568 | D:4      | Noticed Robin
  2612 | D:3      | XOM: noise
  2773 | D:4      | Killed Robin
  2804 | D:3      | XOM: god gift: 30 gold pieces
  3112 | D:4      | You fall into a shaft and drop 1 floor!
  3112 | D:5      | Entered Level 5 of the Dungeon
  3122 | D:5      | XOM: 7-stop teleportation journey
  3123 | D:5      | Noticed Ijyb
  3127 | D:5      | Killed Ijyb
  3215 | D:5      | XOM: 3-stop teleportation journey
  3216 | D:5      | Noticed an ogre
  3220 | D:5      | Killed an ogre
  3221 | D:5      | Reached XP level 7. HP: 28/55 MP: 7/7
  3527 | D:5      | XOM: cast spell 'Olgreb's Toxic Radiance'
  3537 | D:5      | XOM: summons friendly shadow imp
  3557 | D:5      | Slain by a hell rat

Illustrated notes

Levels and vault maps discovered:
D:1:      roderic_crossed_star, layout_loops_ring
D:2:      layout_rooms, grunt_dithmenos_smoke, vehumet_crystals
D:3:      layout_loops_ring, chequers_ecumenical_altar_simple_redux,
          nemelex_spade_bored_becter
D:4:      layout_gridville, lemuel_round_altar, serial_shops,
          nicolae_shop_trees, gammafunk_ghost_necromancy, uniq_robin
D:5:      wander_guarded_unrand_ratskin, layout_basic, kennysheep_mini,
          amethyst_overflow_temple_binary, uniq_ijyb

Skill      XL: |  1  2  3  4  5  6 |
---------------+-------------------+-----
Dodging        | 2 3 |  3.6
Armour         | 3 4 |  4.0
Fighting       | 4 |  4.6
Axes           | 4 |  4.6

Action                   |  1- 3 |  4- 6 |  7- 9 || total
-------------------------+-------+-------+-------++-------
Melee: Hand axe          |   101 |   124 |       ||   225
       War axe           |       |     6 |    39 ||    45
Evoke: Wand              |       |     2 |       ||     2
  Use: Scroll            |       |    11 |       ||    11
       Potion            |       |     3 |     2 ||     5
 Stab: Sleeping          |       |     2 |     1 ||     3
       Paralysed         |       |     1 |       ||     1
       Invisible         |       |       |     1 ||     1
Armor: Leather armour    |    42 |    53 |    10 ||   105
Dodge: Dodged            |    63 |   102 |    39 ||   204

Table legend: (Time is in decaauts)
 A = Elapsed time spent in this place.
 B = Non-inter-level travel time spent in this place.
 C = Inter-level travel time spent in this place.
 D = Time resting spent in this place.
 E = Time spent auto-exploring this place.
 F = Levels seen in this place.
 G = Mean time per level.
                   A        B        C        D        E       F      G
               +--------+--------+--------+--------+--------+-----+--------+
         Total |   3582 |   3464 |    118 |      0 |   2701 |   5 |  716.4 |
       Dungeon |   3582 |   3464 |    118 |      0 |   2701 |   5 |  716.4 |
               +--------+--------+--------+--------+--------+-----+--------+

Top non-repeatable levels by time:
     D:3: 1243 daAuts
     D:1: 833 daAuts
     D:2: 752 daAuts
     D:5: 445 daAuts
     D:4: 307 daAuts
